AA
CLEBURNE RAILROADERS @ WINNIPEG GOLDEYES
05/02/2072
 
TOP OF THE 1ST
Roswell Invaders batting - Pitching for Monterey Amberjacks : RHP Corey Thomas
Pitching: RHP Corey Thomas
Batting: RHB Jesus Villanueva 0-0: Ball
1-0: Ball
2-0: Ball
3-0: Swinging Strike
3-1: Foul Ball, location: 2F
3-2: Foul Ball, location: 2F
3-2: Foul Ball, location: 2F
3-2: Base on Balls
Batting: SHB Jesse Kolb 0-0: Ball
1-0: Ball
2-0: Foul Ball, location: 2F
2-1: Ball
3-1: Base on Balls
Jesus Villanueva to second
Batting: RHB Ramon Mendez 0-0: Swinging Strike
0-1: Called Strike
0-2: Ball
1-2: Fly out, F7 (Line Drive, 7, EV 91.2 MPH)
Batting: RHB Salvino Ortiz 0-0: Foul Ball, location: 2F
0-1: Ball
Jesus Villanueva steals 3rd base
1-1: Ball
2-1: Foul Ball, location: 2F
2-2: Foul Ball, location: 2F
2-2: Ball
3-2: Base on Balls
Jesse Kolb to second
Batting: LHB Fernando Sierra 0-0: Called Strike
0-1: Ball
1-1: Fly out, F7 (Flyball, 8LS, EV 80.0 MPH)
Batting: RHB Gregorio Rivas 0-0: Ball
1-0: Ball
2-0: Swinging Strike
2-1: Foul Ball, location: 2F
2-2: Foul Ball, location: 2F
2-2: Ball
3-2: Base on Balls
Jesus Villanueva scores
Jesse Kolb to third
Salvino Ortiz to second
Batting: RHB Angel Lagunes 0-0: Ball
1-0: Ball
2-0: Foul Ball, location: 2F
2-1: Ball
3-1: Foul Ball, location: 2F
3-2: Strikes out swinging
Top of the 1st over - 1 run, 0 hits, 0 errors, 3 left on base; Roswell 1 - Monterey 0
BOTTOM OF THE 1ST
Monterey Amberjacks batting - Pitching for Roswell Invaders : RHP Mario Morales
Pitching: RHP Mario Morales
Batting: RHB Manuel Castillo 0-0: Ball
1-0: SINGLE (Groundball, 4MD, EV 108.1 MPH)
Batting: RHB Seth Davis 0-0: Ball
Manuel Castillo steals 2nd base
1-0: Called Strike
1-1: Called Strike
Manuel Castillo steals 3rd base (no throw)
1-2: Strikes out swinging
Batting: LHB Hayden Schilling 0-0: Called Strike
0-1: Swinging Strike
0-2: Fly out, F7 (Flyball, 7LS, EV 78.8 MPH)
Batting: LHB Nick Ultsch 0-0: Called Strike
0-1: Called Strike
0-2: Ball
1-2: Foul Ball, location: 2F
1-2: Ground out 4-3 (Groundball, 4M, EV 76.9 MPH)
Bottom of the 1st over - 0 runs, 1 hit, 0 errors, 1 left on base; Roswell 1 - Monterey 0
TOP OF THE 2ND
Roswell Invaders batting - Pitching for Monterey Amberjacks : RHP Corey Thomas
Batting: RHB Chase Sudduth 0-0: Ball
1-0: Foul Ball, location: 2F
1-1: Ball
2-1: Ground out 4-3 (Groundball, 4, EV 81.2 MPH)
Batting: RHB Mario Morales 0-0: Ball
1-0: Ball
2-0: Foul Ball, location: 2F
2-1: Swinging Strike
2-2: Strikes out swinging
Batting: RHB Jesus Villanueva 0-0: Ball
1-0: Swinging Strike
1-1: Ball
2-1: Ball
3-1: Base on Balls
Batting: SHB Jesse Kolb 0-0: Ball
1-0: Called Strike
1-1: Swinging Strike
1-2: Foul Ball, location: 2F
1-2: Ball
Jesus Villanueva steals 2nd base
2-2: Hit by Pitch
Batting: RHB Ramon Mendez 0-0: Ball
1-0: Ball
2-0: Called Strike
2-1: Ball
3-1: Foul Ball, location: 2F
3-2: Base on Balls
Jesus Villanueva to third
Jesse Kolb to second
Batting: RHB Salvino Ortiz 0-0: Called Strike
0-1: Foul Ball, location: 2F
0-2: Ball
1-2: Foul Ball, location: 2F
1-2: Foul Ball, location: 2F
1-2: SINGLE (Groundball, 56D, EV 100.0 MPH)
Jesus Villanueva scores
Jesse Kolb to third
Ramon Mendez to second
Runner from 3rd tries for Home, SAFE, throw by LF to home
Batting: LHB Fernando Sierra 0-0: Ball
1-0: Ball
2-0: Ball
3-0: Base on Balls
Ramon Mendez to third
Salvino Ortiz to second
Batting: RHB Gregorio Rivas 0-0: Ball
1-0: Foul Ball, location: 2F
1-1: Foul Ball, location: 2F
1-2: Ball
2-2: Foul Ball, location: 2F
2-2: Ball
3-2: Foul Ball, location: 2F
3-2: Ground out 1-3 (Groundball, 34S, EV 72.5 MPH)
Top of the 2nd over - 2 runs, 1 hit, 0 errors, 3 left on base; Roswell 3 - Monterey 0
BOTTOM OF THE 2ND
Monterey Amberjacks batting - Pitching for Roswell Invaders : RHP Mario Morales
Batting: RHB Nathaniel Thompson 0-0: Swinging Strike
0-1: Ball
1-1: Foul Ball, location: 2F
1-2: Hit by Pitch
Batting: RHB Woody Wardward 0-0: Ball
1-0: Called Strike
1-1: SINGLE (Groundball, 25, EV 73.1 MPH) (infield hit)
Nathaniel Thompson to second
Batting: LHB Peyton Newsom 0-0: SINGLE (Groundball, 56S, EV 68.1 MPH) (infield hit)
Nathaniel Thompson to third
Woody Wardward to second
Batting: RHB Ben Nelson 0-0: Called Strike
0-1: Ball
1-1: Ball
2-1: Ball
3-1: Swinging Strike
3-2: Fly out, F9 (Flyball, 9LS, EV 96.9 MPH)
Batting: RHB Corey Thomas 0-0: DOUBLE (Line Drive, 7LS, EV 101.2 MPH)
Nathaniel Thompson scores
Woody Wardward scores
Peyton Newsom to third
Batting: RHB Manuel Castillo 0-0: Ball
1-0: Ball
2-0: Ball
3-0: Called Strike
3-1: Base on Balls
Batting: RHB Seth Davis 0-0: Ball
1-0: Ball
2-0: Ball
3-0: Called Strike
3-1: Called Strike
3-2: Foul Ball, location: 2F
3-2: Foul Ball, location: 2F
3-2: Foul Ball, location: 2F
3-2: Foul Ball, location: 2F
3-2: Base on Balls
Peyton Newsom scores
Corey Thomas to third
Manuel Castillo to second
Batting: LHB Hayden Schilling 0-0: Swinging Strike
0-1: Foul Ball, location: 2F
0-2: Foul Ball, location: 2F
0-2: Ball
1-2: Strikes out looking
Batting: LHB Nick Ultsch 0-0: Ball
1-0: Fly out, F5 (Flyball, 5D, EV 79.4 MPH)
Bottom of the 2nd over - 3 runs, 3 hits, 0 errors, 3 left on base; Roswell 3 - Monterey 3
TOP OF THE 3RD
Roswell Invaders batting - Pitching for Monterey Amberjacks : RHP Corey Thomas
Batting: RHB Angel Lagunes 0-0: Ball
1-0: Ball
2-0: Foul Ball, location: 2F
2-1: Ball
3-1: Base on Balls
Batting: RHB Chase Sudduth 0-0: Called Strike
0-1: Ball
1-1: Ball
2-1: Foul Ball, location: 2F
2-2: Ball
3-2: Foul Ball, location: 2F
3-2: Strikes out looking
Batting: RHB Mario Morales 0-0: Called Strike
Angel Lagunes steals 2nd base
0-1: Called Strike
0-2: Ball
1-2: Fly out, F9 (Line Drive, 9, EV 93.8 MPH)
Batting: RHB Jesus Villanueva 0-0: Ball
1-0: Ball
2-0: Ball
3-0: Base on Balls
Batting: SHB Jesse Kolb 0-0: Foul Ball, location: 2F
0-1: Swinging Strike
0-2: Ball
1-2: Ball
2-2: Foul Ball, location: 2F
2-2: Ball
3-2: Fly out, F6 (Popup, 6D, EV 63.1 MPH)
Top of the 3rd over - 0 runs, 0 hits, 0 errors, 2 left on base; Roswell 3 - Monterey 3
BOTTOM OF THE 3RD
Monterey Amberjacks batting - Pitching for Roswell Invaders : RHP Mario Morales
Batting: RHB Nathaniel Thompson 0-0: Ball
1-0: Ball
2-0: Ball
3-0: Called Strike
3-1: Foul Ball, location: 2F
3-2: Base on Balls
Batting: RHB Woody Wardward 0-0: Swinging Strike
0-1: Ball
1-1: Ball
2-1: Foul Ball, location: 2F
2-2: Fly out, F8 (Line Drive, 8RD, EV 96.2 MPH)
Batting: LHB Peyton Newsom 0-0: SINGLE (Groundball, 6MD, EV 98.1 MPH)
Nathaniel Thompson to second
Batting: RHB Ben Nelson 0-0: Ball
1-0: Called Strike
1-1: Ball
2-1: Ball
3-1: Base on Balls
Nathaniel Thompson to third
Peyton Newsom to second
Batting: RHB Corey Thomas 0-0: DOUBLE (Line Drive, 78D, EV 100.0 MPH)
Nathaniel Thompson scores
Peyton Newsom scores
Ben Nelson to third
Batting: RHB Manuel Castillo 0-0: Foul Ball, location: 2F
0-1: Ball
1-1: Foul Ball, location: 2F
1-2: Foul Ball, location: 2F
1-2: Foul Ball, location: 2F
1-2: Ball
2-2: Foul Ball, location: 2F
2-2: Hit by Pitch
Batting: RHB Seth Davis 0-0: Ball
1-0: Ball
2-0: Swinging Strike
2-1: Foul Ball, location: 2F
2-2: Foul Ball, location: 2F
2-2: Ball
3-2: Foul Ball, location: 2F
3-2: Grounds into fielders choice 1-2 (Groundball, 13S, EV 68.8 MPH)
Corey Thomas to third
Manuel Castillo to second
Batting: LHB Hayden Schilling 0-0: DOUBLE (Flyball, 8LXD, EV 100.0 MPH)
Corey Thomas scores
Manuel Castillo scores
Seth Davis to third
Batting: LHB Nick Ultsch 0-0: Called Strike
0-1: Ball
1-1: Called Strike
1-2: Ball
2-2: Strikes out swinging
Bottom of the 3rd over - 4 runs, 3 hits, 0 errors, 2 left on base; Roswell 3 - Monterey 7
TOP OF THE 4TH
Roswell Invaders batting - Pitching for Monterey Amberjacks : RHP Corey Thomas
Batting: RHB Ramon Mendez 0-0: Ball
1-0: DOUBLE (Line Drive, 9LS, EV 116.2 MPH)
Batting: RHB Salvino Ortiz 0-0: Ball
1-0: Called Strike
1-1: Ball
2-1: Ball
3-1: Foul Ball, location: 2F
3-2: Fly out, F9 (Flyball, 9, EV 95.0 MPH)
Batting: LHB Fernando Sierra 0-0: Ball
1-0: Ball
2-0: Called Strike
2-1: Ball
3-1: Base on Balls
Batting: RHB Gregorio Rivas 0-0: Ball
1-0: Called Strike
1-1: Ball
2-1: Ball
3-1: Base on Balls
Ramon Mendez to third
Fernando Sierra to second
Batting: RHB Angel Lagunes 0-0: Called Strike
0-1: Reached via error on a dropped throw from SS, E4 (Groundball, 6, EV 80.6 MPH)
Ramon Mendez scores
Fernando Sierra to third
Gregorio Rivas to second
Batting: RHB Chase Sudduth 0-0: Called Strike
0-1: SINGLE (Groundball, 25, EV 63.8 MPH) (infield hit)
Fernando Sierra scores
Gregorio Rivas to third
Angel Lagunes to second
Pinch Hitting: RHB Auggie Francis 0-0: Ball
1-0: Foul Ball, location: 2F
1-1: Foul Ball, location: 2F
1-2: Foul Ball, location: 2F
1-2: SINGLE (Groundball, 56D, EV 106.2 MPH)
Gregorio Rivas scores
Angel Lagunes to third
Chase Sudduth to second
Batting: RHB Jesus Villanueva 0-0: Foul Ball, location: 2F
0-1: Ball
1-1: Ball
2-1: SINGLE (Flyball, 3D, EV 86.2 MPH)
Angel Lagunes scores
Chase Sudduth to third
Auggie Francis to second
Pitching: RHP Brad Kobylarz
Batting: SHB Jesse Kolb 0-0: Swinging Strike
0-1: Ball
1-1: Called Strike
1-2: GRAND SLAM HOME RUN (Flyball, 89XD, EV 105.6 MPH), Distance : 417 ft
Batting: RHB Ramon Mendez 0-0: SINGLE (Groundball, 56D, EV 105.6 MPH)
Batting: RHB Salvino Ortiz 0-0: Foul Ball, location: 2F
0-1: Ball
1-1: Foul Ball, location: 2F
1-2: Ball
2-2: Ball
3-2: Foul Ball, location: 2F
3-2: Base on Balls
Ramon Mendez to second
Batting: LHB Fernando Sierra 0-0: Ball
1-0: Ball
2-0: Ball
3-0: Base on Balls
Ramon Mendez to third
Salvino Ortiz to second
Batting: RHB Gregorio Rivas 0-0: Swinging Strike
0-1: Foul Ball, location: 2F
0-2: Strikes out looking
Batting: RHB Angel Lagunes 0-0: Ball
1-0: Ball
2-0: Ball
3-0: Base on Balls
Ramon Mendez scores
Salvino Ortiz to third
Fernando Sierra to second
Batting: RHB Chase Sudduth 0-0: Ball
1-0: Ball
2-0: Called Strike
2-1: Fly out, F8 (Flyball, 8RXD, EV 96.2 MPH)
Top of the 4th over - 9 runs, 6 hits, 1 error, 3 left on base; Roswell 12 - Monterey 7
BOTTOM OF THE 4TH
Monterey Amberjacks batting - Pitching for Roswell Invaders : RHP Mario Morales
Pitching: RHP Damian Robles
Batting: RHB Nathaniel Thompson 0-0: Called Strike
0-1: Ball
1-1: Ball
2-1: Ball
3-1: Base on Balls
Batting: RHB Woody Wardward 0-0: Foul Ball, location: 2F
0-1: Foul Ball, location: 2F
0-2: Ball
1-2: Grounds into double play, 6-4-3 (Groundball, 6S, EV 86.9 MPH)
Batting: LHB Peyton Newsom 0-0: Called Strike
0-1: Ball
1-1: Foul Ball, location: 2F
1-2: DOUBLE (Line Drive, 9LS, EV 96.9 MPH)
Batting: RHB Ben Nelson 0-0: Called Strike
0-1: Ball
1-1: Fly out, F9 (Flyball, 89D, EV 103.1 MPH)
Bottom of the 4th over - 0 runs, 1 hit, 0 errors, 1 left on base; Roswell 12 - Monterey 7
TOP OF THE 5TH
Roswell Invaders batting - Pitching for Monterey Amberjacks : RHP Brad Kobylarz
Batting: RHB Damian Robles 0-0: Swinging Strike
0-1: Swinging Strike
0-2: Strikes out swinging
Batting: RHB Jesus Villanueva 0-0: Foul Ball, location: 2F
0-1: Ball
1-1: SINGLE (Groundball, 4MD, EV 97.5 MPH)
Batting: SHB Jesse Kolb 0-0: Called Strike
0-1: Fly out, F8 (Line Drive, 8LM, EV 91.9 MPH)
Batting: RHB Ramon Mendez 0-0: Ball
Jesus Villanueva steals 2nd base
1-0: Foul Ball, location: 2F
1-1: Foul Ball, location: 2F
1-2: Ball
2-2: Ball
3-2: Foul Ball, location: 2F
3-2: Fly out, F9 (Flyball, 9LS, EV 90.6 MPH)
Top of the 5th over - 0 runs, 1 hit, 0 errors, 1 left on base; Roswell 12 - Monterey 7
BOTTOM OF THE 5TH
Monterey Amberjacks batting - Pitching for Roswell Invaders : RHP Damian Robles
Batting: RHB Brad Kobylarz 0-0: Ball
1-0: Ball
2-0: Foul Ball, location: 2F
2-1: Ball
3-1: Foul Ball, location: 2F
3-2: Foul Ball, location: 2F
3-2: Foul Ball, location: 2F
3-2: Fly out, F9 (Line Drive, 9, EV 107.5 MPH)
Batting: RHB Manuel Castillo 0-0: Ball
1-0: Fly out, F8 (Flyball, 8RM, EV 92.5 MPH)
Batting: RHB Seth Davis 0-0: Ground out 5-3 (Groundball, 56S, EV 81.9 MPH)
Bottom of the 5th over - 0 runs, 0 hits, 0 errors, 0 left on base; Roswell 12 - Monterey 7
TOP OF THE 6TH
Roswell Invaders batting - Pitching for Monterey Amberjacks : RHP Brad Kobylarz
Batting: RHB Salvino Ortiz 0-0: Called Strike
0-1: Ball
1-1: SOLO HOME RUN (Flyball, 7D, EV 86.9 MPH), Distance : 370 ft
Batting: LHB Fernando Sierra 0-0: Called Strike
0-1: Hit by Pitch
Batting: RHB Gregorio Rivas 0-0: Foul Ball, location: 2F
0-1: Foul Ball, location: 2F
0-2: Ball
1-2: Ball
2-2: Grounds into double play, 4-6-3 (Groundball, 4S, EV 88.8 MPH)
Batting: RHB Angel Lagunes 0-0: Ball
1-0: Foul Ball, location: 2F
1-1: Ball
2-1: Hit by Pitch
Batting: RHB Chase Sudduth 0-0: Ball
1-0: Ball
2-0: Called Strike
2-1: Ball
3-1: Base on Balls
Angel Lagunes to second
Batting: RHB Damian Robles 0-0: Ball
1-0: Ball
2-0: 3-RUN HOME RUN (Flyball, 7LD, EV 91.2 MPH), Distance : 355 ft
Pitching: RHP Eddy Zamora
Batting: RHB Jesus Villanueva 0-0: Ball
1-0: Called Strike
1-1: Called Strike
1-2: Ball
2-2: Strikes out looking
Top of the 6th over - 4 runs, 2 hits, 0 errors, 0 left on base; Roswell 16 - Monterey 7
BOTTOM OF THE 6TH
Monterey Amberjacks batting - Pitching for Roswell Invaders : RHP Damian Robles
Batting: LHB Hayden Schilling 0-0: Called Strike
0-1: Ball
1-1: Ball
2-1: SINGLE (Flyball, 3D, EV 89.4 MPH) - OUT at second base trying to stretch hit.
Batting: LHB Nick Ultsch 0-0: Ball
1-0: Ground out 6-3 (Groundball, 6, EV 98.8 MPH)
Batting: RHB Nathaniel Thompson 0-0: Called Strike
0-1: Ball
1-1: Swinging Strike
1-2: Ball
2-2: Strikes out swinging
Bottom of the 6th over - 0 runs, 1 hit, 0 errors, 0 left on base; Roswell 16 - Monterey 7
TOP OF THE 7TH
Roswell Invaders batting - Pitching for Monterey Amberjacks : RHP Eddy Zamora
Batting: SHB Jesse Kolb 0-0: Ball
1-0: Ball
2-0: Foul Ball, location: 2F
2-1: Swinging Strike
2-2: Strikes out swinging
Batting: RHB Ramon Mendez 0-0: Ball
1-0: SINGLE (Groundball, 6D, EV 97.5 MPH)
Batting: RHB Salvino Ortiz 0-0: Grounds into double play, 6-4-3 (Groundball, 6, EV 79.4 MPH)
Top of the 7th over - 0 runs, 1 hit, 0 errors, 0 left on base; Roswell 16 - Monterey 7
BOTTOM OF THE 7TH
Monterey Amberjacks batting - Pitching for Roswell Invaders : RHP Damian Robles
Batting: RHB Woody Wardward 0-0: Ball
1-0: Ball
2-0: Foul Ball, location: 2F
2-1: Ball
3-1: Base on Balls
Batting: LHB Peyton Newsom 0-0: Ball
1-0: Ball
2-0: Fly out, F2 (Popup, 25F, EV 93.1 MPH)
Batting: RHB Ben Nelson 0-0: Ball
1-0: Ball
2-0: Called Strike
2-1: Hit by Pitch
Woody Wardward to second
Batting: RHB Eddy Zamora 0-0: Ball
1-0: Ball
2-0: Sac Bunt to P - play at first, batter OUT! 1-4
Woody Wardward to third
Ben Nelson to second
Batting: RHB Manuel Castillo 0-0: Ground out 5-3 (Groundball, 56S, EV 71.2 MPH)
Bottom of the 7th over - 0 runs, 0 hits, 0 errors, 2 left on base; Roswell 16 - Monterey 7
TOP OF THE 8TH
Roswell Invaders batting - Pitching for Monterey Amberjacks : RHP Eddy Zamora
Batting: LHB Fernando Sierra 0-0: Called Strike
0-1: Fly out, F8 (Line Drive, 8LD, EV 85.0 MPH)
Batting: RHB Gregorio Rivas 0-0: Called Strike
0-1: Ball
1-1: Ball
2-1: Ball
3-1: Base on Balls
Batting: RHB Angel Lagunes 0-0: Foul Ball, location: 2F
0-1: Ball
1-1: Foul Ball, location: 2F
1-2: Ball
2-2: Strikes out swinging
Batting: RHB Chase Sudduth 0-0: Ball
1-0: Ground out U3 (Groundball, 34, EV 108.8 MPH)
Top of the 8th over - 0 runs, 0 hits, 0 errors, 1 left on base; Roswell 16 - Monterey 7
BOTTOM OF THE 8TH
Monterey Amberjacks batting - Pitching for Roswell Invaders : RHP Damian Robles
Batting: RHB Seth Davis 0-0: Ground out 6-3 (Groundball, 6, EV 85.0 MPH)
Batting: LHB Hayden Schilling 0-0: Ball
1-0: Ball
2-0: Ball
3-0: Called Strike
3-1: Base on Balls
Pitching: LHP Alex Balbi
Batting: LHB Nick Ultsch 0-0: Ball
1-0: Ball
2-0: Ball
3-0: Base on Balls
Hayden Schilling to second
Batting: RHB Nathaniel Thompson 0-0: Called Strike
0-1: Ball
1-1: Ball
2-1: Ball
3-1: Foul Ball, location: 2F
3-2: Foul Ball, location: 2F
3-2: Base on Balls
Hayden Schilling to third
Nick Ultsch to second
Batting: RHB Woody Wardward 0-0: Ball
1-0: Called Strike
1-1: Foul Ball, location: 2F
1-2: Strikes out looking
Batting: LHB Peyton Newsom 0-0: Foul Ball, location: 2F
0-1: Fly out, F9 (Flyball, 9LM, EV 105.6 MPH)
Bottom of the 8th over - 0 runs, 0 hits, 0 errors, 3 left on base; Roswell 16 - Monterey 7
TOP OF THE 9TH
Roswell Invaders batting - Pitching for Monterey Amberjacks : RHP Eddy Zamora
Batting: LHB Alex Balbi 0-0: SINGLE (Groundball, 6M, EV 88.8 MPH) (infield hit)
Batting: RHB Jesus Villanueva 0-0: Ground out 3-1 (Groundball, 34S, EV 77.5 MPH)
Alex Balbi to second
Batting: SHB Jesse Kolb 0-0: Ball
1-0: Ball
2-0: Ball
3-0: Base on Balls
Batting: RHB Ramon Mendez 0-0: Ball
1-0: Ball
2-0: Foul Ball, location: 2F
2-1: DOUBLE (Line Drive, 5D, EV 102.5 MPH)
Alex Balbi scores
Jesse Kolb to third
Batting: RHB Salvino Ortiz 0-0: Ball
Wild Pitch!
Jesse Kolb scores
Ramon Mendez to third
1-0: Foul Ball, location: 2F
1-1: Ball
2-1: Foul Ball, location: 2F
2-2: Fly out, F3 (Popup, 3F, EV 67.5 MPH)
Batting: LHB Fernando Sierra 0-0: Ball
1-0: Foul Ball, location: 2F
1-1: Called Strike
1-2: Strikes out swinging
Top of the 9th over - 2 runs, 2 hits, 0 errors, 1 left on base; Roswell 18 - Monterey 7
BOTTOM OF THE 9TH
Monterey Amberjacks batting - Pitching for Roswell Invaders : LHP Alex Balbi
Batting: RHB Ben Nelson 0-0: Ball
1-0: Ball
2-0: Called Strike
2-1: Called Strike
2-2: Ground out 6-3 (Groundball, 56, EV 103.1 MPH)
Pinch Hitting: RHB Jorge Gomez 0-0: Called Strike
0-1: Swinging Strike
0-2: Ball
1-2: Foul Ball, location: 2F
1-2: SINGLE (Line Drive, 56D, EV 95.0 MPH)
Batting: RHB Manuel Castillo 0-0: Called Strike
0-1: Foul Ball, location: 2F
0-2: Ball
1-2: Ball
2-2: Fly out, F9 (Line Drive, 9, EV 104.4 MPH)
Batting: RHB Seth Davis 0-0: Called Strike
0-1: Ground out 1-3 (Groundball, 15S, EV 74.4 MPH)
Bottom of the 9th over - 0 runs, 1 hit, 0 errors, 1 left on base; Roswell 18 - Monterey 7
Wednesday, October 20th , 2021 - OOTP Baseball 22.10 Build 79